 Dungeon Crawl Stone Soup version bcrawl-1.27.3 (webtiles) character file.

Game seed: 12627380266981190987

88275 MisterOstroum the Skirmisher (level 1, 0/13 HPs)
             Began as a Vine Stalker Fighter on Sept 24, 2020.
             Killed from afar by Sigmund (6 damage)
             ... with a puff of flame
             ... on level 2 of the Dungeon.
             The game lasted 00:00:31 (75 turns).

MisterOstroum the Skirmisher (Vine Stalker Fighter)   Turns: 75, Time: 00:00:31

Health: 0/13       AC:  6    Str: 18    XL:     1   Next: 80%
Magic:  2/2        EV:  9    Int:  8    God:
Gold:   0          SH:  0    Dex: 13    Spells: 0/0 levels left

rFire    . . .     SeeInvis .   a - +0 rapier
rCold    . . .     Gourm    .   (no shield)
rNeg     . . .     Faith    .   b - +0 scale mail
rPois    .         Spirit   .   (no helmet)
rElec    .         Reflect  .   (no cloak)
rCorr    .         Harm     .   (no gloves)
MR       .....                  (no boots)
Stlth    ..........             (no amulet)
HPRegen  0.44/turn              (no ring)
MPRegen  0.08/turn              (no ring)

@: confused
A: fangs 2, regeneration 1, no potion heal 3, rot immunity, strong jaws
a: no special abilities


You were on level 2 of the Dungeon.
You were not hungry.

You visited 1 branch of the dungeon, and saw 2 of its levels.

Inventory:

Hand Weapons
 a - a +0 rapier (weapon)
Armour
 b - a +0 scale mail (worn)
 c - a +0 medium shield
Potions
 d - a potion of might {@q3 !q}
 f - a potion of brilliance {unknown}
Comestibles
 e - a ration {!d}


   Skills:
 * Level 2.8 Fighting
 * Level 2.0 Short Blades
 - Level 2.4 Armour
 + Level 2.7 Shields


You couldn't memorise any spells.
You didn't know any spells.
Your spell library was empty.

Dungeon Overview and Level Annotations

Branches:
Dungeon (1/12)

Altars:

Annotations:
D:2 Sigmund


Innate Abilities, Weirdness & Mutations

You have extremely sharp teeth.
Your natural rate of healing is unusually fast.
Potions cannot restore your health.
You are immune to rotting.
Your bites deal extra damage.


Message History

You block the giant cockroach's attack.
You hit the giant cockroach.
The giant cockroach is heavily wounded.
The giant cockroach bites you but does no damage.
You barely miss the giant cockroach. You bite the giant cockroach.
The giant cockroach is almost dead.
The giant cockroach bites you. The giant cockroach barely misses you.
You closely miss the giant cockroach. Your bite misses the giant cockroach.
The giant cockroach is almost dead.
The giant cockroach bites you but does no damage.
You closely miss the giant cockroach.
The giant cockroach is almost dead.
You block the giant cockroach's attack. x2
Your shield and scale mail prevent you from hitting the giant cockroach.
Your bite misses the giant cockroach.
The giant cockroach is severely wounded.
You block the giant cockroach's attack.
You hit the giant cockroach.
The giant cockroach is almost dead.
The giant cockroach barely misses you. x2
Your shield prevents you from hitting the giant cockroach.
The giant cockroach is almost dead.
The giant cockroach barely misses you.
You hit the giant cockroach.
You kill the giant cockroach!
Wield which item (- for none, * to show all)? (? for menu, Esc to quit)
Okay, then.
Wear which item? (? for menu, Esc to quit)
You start removing your armour.
You continue taking off your +0 medium shield. x4
You finish taking off your +0 medium shield.
You open the door.
There is an open door here.
f - a fizzy dark potion A frilled lizard comes into view.
The frilled lizard hisses angrily.
You closely miss the frilled lizard. Your bite misses the frilled lizard.
The frilled lizard bites you but does no damage.
You hit the frilled lizard.
You kill the frilled lizard!
No target in view!
No target in view!
There is a shaft here.
Really dive through this shaft in the floor?
You fall into a shaft and drop 1 floor!
The shaft crumbles and collapses.
A bat and a rat come into view.
No path to travel!
No path to travel!
The bat hits you but does no damage.
A goblin comes into view. It is wielding a +0 club.
The goblin shouts!
The bat closely misses you.
You hit the bat.
The bat is severely wounded.
The bat hits you but does no damage. The rat bites you but does no damage.
You hit the rat.
You kill the rat!
A rat comes into view.
The bat misses you.
The rat moves out of view.
You barely miss the bat.
The bat is heavily wounded.
The bat barely misses you. The bat hits you but does no damage.
A hobgoblin comes into view. It is wielding a -2 club.
You barely miss the goblin.
The hobgoblin shouts!
You hear a shout!
The bat hits you but does no damage. x2; The goblin hits you with a +0 club.
You hit the bat.
You kill the bat!
The goblin closely misses you.
You barely miss the goblin. Your bite misses the goblin.
The goblin barely misses you.
You hit the goblin.
You kill the goblin!
Your Short Blades skill increases to level 2!
Sigmund the Dreaded comes into view.
He is wielding a +0 scythe.
You puncture the rat!
You kill the rat!
Sigmund casts a spell at you.
You are confused.
Found a stone staircase leading down.
The hobgoblin hits you but does no damage.
Things that are here:
a +0 club; a rat corpse Sigmund points at you and mumbles some strange words.
You are more confused.
The hobgoblin closely misses you.
You're too confused to move!
The hobgoblin hits you with a cursed -2 club.
The hobgoblin hits you with a cursed -2 club.
You barely miss the hobgoblin. Sigmund barely misses you.
The hobgoblin hits you but does no damage.
You miss the hobgoblin. Your bite misses the hobgoblin.
The hobgoblin hits you with a cursed -2 club.
Sigmund hits you from afar with a +0 scythe.
Sigmund smiles chillingly.
Sigmund points at you and mumbles some strange words.
The puff of flame hits you.
You die...

.... #.## .#
.#######..####.###
.%...............+
#.....†......#
#....).......#
##............#
.......@.g...#.#
..###+###.@..#.# #
#....# # #......#
+......# #......#
#.###.># #.# #.#
..# ..


You could see Sigmund and a hobgoblin.

Vanquished Creatures
  A bat (D:2)
  A giant cockroach (D:1)
  A frilled lizard (D:1)
  A goblin (D:2)
  2 rats (D:2)
6 creatures vanquished.

Notes
Turn   | Place    | Note
-------+----------+-------------------------------------------
     0 | D:1      | MisterOstroum the Vine Stalker Fighter began the quest for
                  | the Orb.
     0 | D:1      | Reached XP level 1. HP: 13/13 MP: 2/2
    53 | D:1      | You fall into a shaft and drop 1 floor!
    63 | D:2      | Noticed Sigmund
    75 | D:2      | Killed from afar by Sigmund

Skill      XL: |  1 |
---------------+----+-----
Short Blades   | 2 |  2.0
Fighting       | |  2.8
Armour         | |  2.4
Shields        | |  2.7

Action                   || total
-------------------------++-------
Melee: Rapier            ||    20
       Bite              ||     1
Armor: Scale mail        ||    11
Dodge: Dodged            ||    11
Block: Medium shield     ||     4
